 Dungeon Crawl Stone Soup version 0.30.0-19-g36f170ea60 (webtiles) character file.

Game seed: 1840347153179537117

65299 safid the Cryomancer (level 15, -9/117 HPs)
             Began as a Merfolk Ice Elementalist on May 26, 2023.
             Was a High Priest of Vehumet.
             Mangled by a death knight
             ... wielding a +2 broad axe
              (13 damage)
             ... on level 9 of the Dungeon on May 30, 2023.
             The game lasted 01:06:02 (23944 turns).

safid the Cryomancer (Merfolk Ice Elementalist)    Turns: 23944, Time: 01:06:03

Health: -9/117     AC: 18    Str:  8    XL:     15   Next: 15%
Magic:  25/27      EV: 15    Int: 21    God:    Vehumet [*****.]
Gold:   1317       SH:  0    Dex: 18    Spells: 10/31 levels left

rFire   + . .        N - +11 hand axe "Undertaker" {spect, Dex+2}
rCold   + + .        (no shield)
rNeg    + . .        E - +2 robe {rC+}
rPois   +            T - +2 hat {SInv}
rElec   .            P - +2 cloak {rF+}
rCorr   .            W - +0 pair of gloves "Okac" {Rampage rN+}
SInv    +            D - +3 pair of mountain boots {steadfast, rC+}
Will    +....        w - amulet of magic regeneration
Stlth   ++           c - ring of poison resistance
HPRegen 0.39/turn    C - +4 ring of protection
MPRegen 0.60/turn

%: rampage
@: on blink cooldown
A: (nimble swimmer 2), mertail
a: Renounce Religion


You were on level 9 of the Dungeon.
You worshipped Vehumet.
Vehumet was extremely pleased with you.
You visited 3 branches of the dungeon, and saw 18 of its levels.
You also visited: Volcano.

You collected 1617 gold pieces.
You spent 300 gold pieces at shops.

Inventory:

Hand Weapons
 N - the +11 hand axe "Undertaker" (weapon) {spect, Dex+2}
   (You found it on level 11 of the Dungeon)

   Dex:       It affects your dexterity (+2).
 R - the +6 hand axe "Emeid" {venom, Dex+4 SInv}
   (You found it on level 1 of the Lair of Beasts)

   Dex:       It affects your dexterity (+4).
   SInv:      It lets you see invisible.
Missiles
 a - a throwing net
Armour
 D - the +3 pair of mountain boots (worn) {steadfast, rC+}
   (You found it on level 6 of the Dungeon)

   Steadfast: It prevents involuntary movement, except for blinking,
   teleportation, or banishment.
   rC:        It protects you from cold.
 E - a +2 robe of cold resistance (worn)
 L - a +1 robe of fire resistance
 P - a +2 cloak of fire resistance (worn)
 T - a +2 hat of see invisible (worn)
 W - the +0 pair of gloves "Okac" (worn) {Rampage rN+}
   (You found it on level 4 of the Lair of Beasts)

   rN:        It protects you from negative energy.
   Rampage:   It bestows one free step when moving towards enemies.
Jewellery
 c - a ring of poison resistance (left hand)
 w - an amulet of magic regeneration (around neck)
 y - a ring of fire
 C - a +4 ring of protection (right hand)
 Y - a ring of flight
Wands
 r - a wand of quicksilver (5)
 s - a wand of roots (7)
 x - a wand of flame (45)
 A - a wand of polymorph (5)
 H - a wand of digging (1)
 J - a wand of mindburst (6)
Scrolls
 g - 9 scrolls of amnesia
 i - 4 scrolls of enchant weapon
 k - 2 scrolls of magic mapping
 m - a scroll of acquirement {unknown}
 o - 2 scrolls of brand weapon {unknown}
 p - 3 scrolls of fear
 q - a scroll of silence {unknown}
 v - 9 scrolls of teleportation
 z - 4 scrolls of fog
 U - 3 scrolls of enchant armour
 V - 2 scrolls of butterflies {unknown}
Potions
 b - a potion of magic
 d - 3 potions of lignification
 f - 4 potions of curing
 j - 4 potions of brilliance
 l - 2 potions of invisibility {unknown}
 n - 5 potions of flight {unknown}
 t - 2 potions of berserk rage {unknown}
 u - 4 potions of haste
 B - 2 potions of cancellation {unknown}
 F - 6 potions of attraction {unknown}
 G - 3 potions of mutation {unknown}
 K - 2 potions of resistance {unknown}
 M - a potion of might
 Q - 3 potions of ambrosia {unknown}
Miscellaneous
 e - a condenser vane
 h - a phantom mirror
 S - a phial of floods


   Skills:
 + Level 10.8 Fighting
 + Level 5.8 Dodging
 - Level 2.1 Stealth
 + Level 8.8 Spellcasting
 - Level 4.0 Translocations
 - Level 23.0 Ice Magic
 + Level 3.7 Evocations


You had 10 spell levels left.
You knew the following spells:

 Your Spells              Type           Power      Damage    Failure   Level
a - Freeze                Ice            100%       1d10      0%          1
b - Frozen Ramparts       Ice            100%       1d16      0%          3
c - Ozocubu's Armour      Ice            82%        N/A       0%          3
d - Ozocubu's Refrigerat  Ice            41%        4d16      1%          7
e - Blink                 Tloc           52%        N/A       2%          2
f - Freezing Cloud        Conj/Ice/Air   20%        6-21      2%          5

Your spell library contained the following spells:

 Spells                   Type           Power      Damage    Failure   Level
 Momentum Strike          Conj/Tloc      34%        3d8       1%          2
 Summon Ice Beast         Ice/Summ       55%        N/A       1%          4
 Metabolic Englaciation   Hex/Ice        27%        N/A       1%          5
 Shock                    Conj/Air       36%        1d5       2%          1
 Lesser Beckoning         Tloc           52%        N/A       2%          2
 Scorch                   Fire           18%        2d6       3%          2
 Gell's Gravitas          Tloc           26%        N/A       4%          3
 Teleport Other           Tloc           26%        N/A       4%          3
 Dazzling Flash           Conj/Hex       18%        N/A       6%          3
 Necrotise                Necr           36%        1d5       8%          1
 Vhi's Electric Charge    Tloc/Air       34%        N/A       10%         3
 Simulacrum               Ice/Necr       27%        N/A       10%         6
 Passwall                 Tmut/Erth      7%         N/A       11%         2
 Airstrike                Air            4%         2d(1-17)  19%         4
 Swiftness                Air            9%         N/A       22%         3
 Vampiric Draining        Necr           9%         2d6       22%         3
 Arcjolt                  Conj/Air       4%         1d14      45%         5
 Iskenderun's Battlesphe  Conj           9%         2d6       45%         5
 Leda's Liquefaction      Hex/Erth       4%         N/A       58%         4
 Agony                    Necr           9%         N/A       90%         5
 Silence                  Hex/Air        4%         N/A       90%         5
 Dispersal                Tloc           13%        N/A       91%         6
 Iron Shot                Conj/Erth      4%         9d2       93%         6
 Malign Gateway           Summ/Tloc      8%         N/A       100%        7
 Spellforged Servitor     Conj/Summ      4%         N/A       100%        7
 Maxwell's Capacitive Co  Air            4%         ∞         100%        8
 Summon Horrible Things   Summ           4%         N/A       100%        8


Dungeon Overview and Level Annotations

Branches:
Dungeon (12/15)            Temple (1/1) D:5            Lair (5/5) D:11
 Shoals (0/4) Lair:2        Snake (0/4) Lair:3        Slime (0/5) Lair:4
    Orc (0/2) D:9         Volcano (visited)

Altars:
Ashenzari
Dithmenos
Elyvilon
Fedhas
Gozag
Hepliaklqana
Kikubaaqudgha
Makhleb
Nemelex Xobeh
Okawaru
Qazlal
Ru
Sif Muna
Trog
Uskayaw
Vehumet
Wu Jian
Yredelemnul
Zin
The Shining One
Jiyva

Shops:
D:4 !   D:6 !   D:9 *   D:10 [[

Annotations:
D:6 2 runed translucent doors, ryak's ghost, novice AtDe
D:10 3 runed translucent doors, AverageBear's ghost, journeyman OpFi
D:11 exclusion: oklob plant
Lair:3 3 runed translucent doors, meatpath's ghost, journeyman GrEE


Innate Abilities, Weirdness & Mutations

((You are very nimble when in or above water. (Stealth+, EV+, Speed+++)))
Your lower body shifts to a powerful aquatic tail in water.


Message History

Press: ? - help, Shift-Dir - straight line, f/p - death knight
Aim: a death knight, wielding a +2 broad axe and wearing a +0 chain mail (almost dead, reflecting injuries, will become an ice beast, a water nymph, or a yellow draconian, chance to affect: 13%)
Okay, then.
Unknown command.
Unknown command.
Unknown command.
Unknown command.
Aiming: Quicksilver Bolt
Press: ? - help, Shift-Dir - straight line, f/p - death knight
Aim: a death knight, wielding a +2 broad axe and wearing a +0 chain mail (almost dead, reflecting injuries, 74% to hit)
Okay, then.
Unknown command.
Aiming: Mindburst
Press: ? - help, Shift-Dir - straight line, f/p - death knight
Aim: a death knight, wielding a +2 broad axe and wearing a +0 chain mail (almost dead, reflecting injuries, chance to affect: 28%)
Okay, then.
Unknown command.
Unknown command.
Unknown command.
Unknown command.
Unknown command.
Unknown command.
Unknown command.
Unknown command.
Unknown command.
Casting: Freeze (safe; 0% risk of failure)
Confirm with . or Enter, or press ? or * to list all spells.
Okay, then.
Unknown command.
Unknown command.
Casting: Freeze (safe; 0% risk of failure)
Confirm with . or Enter, or press ? or * to list all spells.
Your icy armour will break if you move.
Continue? [Y]es or [N]o only, please.
Your icy armour will break if you move.
Continue?
You blink.
Your icy armour cracks and falls away as you move.
The death knight's dark mirror aura disappears.
The death knight hits you with a +2 broad axe!
You die...

)#..#...#..###.#.#.###.....#.#.#.
)#.[.......##.#.#.#.##...###.#.#.
)'.#..⌠..#.'.#.#.#.#.'##.#.#.#.'.
.#.........##.#.#.#.##.###.#.#.#.
.#..#...#..###.#.#.###.....###.#.
.#....#....#..#.#.#..#.......#.#.
.#.........#).##§##."###.......#.
.#####'#########p#########'#####.
.###.....###....@....##.#.#.#.##.
.##.......##.#.#.#.#.#.........#.
.#...###...#..#.#.#..##.#.#.#.##.
.#..## ##..#)#.....#.#.........#.
.'..# #..)..#. .#..'#.#.#.#.#'.
.#..# #..#[#.....#.#.........#.
.#)..# #...#..#.#.# .##.#.#.#.##.
.##.......## #.# #. #.........#
.###...D.## ... ##.#)#)#.##.


You could see a death knight.

Vanquished Creatures
  Gastronok (Lair:2)
  3 hydras
  A catoblepas (Lair:5)
  7 two-headed ogres
  2 boulder beetles
  11 death yaks (Lair:5)
  A deep troll shaman (Lair:5)
  2 skysharks (Lair:5)
  A skeletal warrior (D:11)
  3 lindwurms
  2 manticores (D:11)
  2 ugly things
  3 salamanders (Volcano)
  2 cyclopes
  2 merfolk sirens (Lair:2)
  14 elephants
  A torpor snail (Lair:4)
  12 cane toads
  13 black mambas
  2 gargoyles
  An unseen horror (D:11)
  9 komodo dragons
  5 rime drakes
  6 polar bears
  2 merfolk (Lair:2)
  3 trolls
  A hornet (D:9)
  9 blink frogs (Lair:5)
  4 dream sheep (Lair:5)
  Sigmund (D:3)
  A vampire (D:9)
  3 wraiths
  5 fire bats
  7 wyverns
  55 yaks
  6 basilisks
  2 steam dragons
  3 vampire mosquitoes (D:11)
  18 water moccasins
  8 acid dragons
  An ice beast (D:7)
  2 black bears
  A hell hound (Volcano)
  9 orc warriors
  15 wolves
  9 centaurs
  2 kobold brigands
  Blork the orc (D:4)
  A phantom (D:5)
  9 bullfrogs
  4 scorpions
  5 gnoll sergeants
  7 wights
  3 killer bees
  5 howler monkeys
  A hound (D:6)
  3 gnoll boudas (D:9)
  4 orc priests
  7 iguanas
  2 sleepcaps
  10 orc wizards
  Robin (D:4)
  19 gnolls
  5 adders
  A shadow imp (D:7)
  A white imp (D:8)
  An ufetubus (D:5)
  4 worms
  A dart slug (D:4)
  48 orcs
  4 ball pythons
  6 endoplasms
  2 giant cockroaches (D:1)
  15 goblins
  7 hobgoblins
  4 jackals (D:2)
  6 kobolds
  4 quokkas
  5 bats
  4 frilled lizards
  3 rats
476 creatures vanquished.

Vanquished Creatures (others)
  3 spectral weapons (Lair:5)
3 creatures vanquished.

Grand Total: 479 creatures vanquished

Notes
Turn   | Place    | Note
-------+----------+-------------------------------------------
     0 | D:1      | safid the Merfolk Ice Elementalist began the quest for the
                  | Orb.
     0 | D:1      | Reached XP level 1. HP: 13/13 MP: 3/3
   252 | D:1      | Reached XP level 2. HP: 17/20 MP: 1/5
   336 | D:1      | Reached skill level 1 in Fighting
   800 | D:2      | Found a faded altar of an unknown god.
   950 | D:2      | Reached XP level 3. HP: 26/26 MP: 0/6
  1026 | D:2      | Learned a level 3 spell: Frozen Ramparts
  1168 | D:2      | Found a blossoming altar of Fedhas.
  1510 | D:2      | Learned a level 3 spell: Ozocubu's Armour
  1784 | D:3      | Reached skill level 5 in Ice Magic
  1788 | D:3      | Reached XP level 4. HP: 30/33 MP: 0/8
  2085 | D:3      | Noticed Sigmund
  2104 | D:3      | Killed Sigmund
  2105 | D:3      | Reached XP level 5. HP: 17/41 MP: 0/10
  2105 | D:3      | Reached XP level 6. HP: 20/47 MP: 0/11
  2592 | D:4      | Found Poawawk's Distillery.
  2680 | D:4      | Bought a potion of curing for 33 gold pieces
  2680 | D:4      | Bought a potion of haste for 110 gold pieces
  2680 | D:4      | Bought a potion of degeneration for 11 gold pieces
  2842 | D:4      | Noticed Robin
  2846 | D:4      | Killed Robin
  3033 | D:4      | Noticed Blork the orc
  3045 | D:4      | Killed Blork the orc
  3046 | D:4      | Reached skill level 6 in Ice Magic
  3144 | D:4      | Found an opulent altar of Gozag.
  3324 | D:4      | Found an ornate altar of the Wu Jian Council.
  3371 | D:4      | Found a bloodstained altar of Trog.
  3564 | D:5      | Entered Level 5 of the Dungeon
  3572 | D:5      | Reached XP level 7. HP: 54/54 MP: 10/13
  3739 | D:5      | Found a staircase to the Ecumenical Temple.
  3757 | Temple   | Entered the Ecumenical Temple
  4443 | D:5      | Reached skill level 5 in Fighting
  4626 | D:5      | Reached skill level 7 in Ice Magic
  4673 | D:5      | Reached XP level 8. HP: 57/62 MP: 15/15
  4808 | D:5      | Reached skill level 5 in Spellcasting
  5183 | D:6      | Found Voterab's Distillery.
  5365 | D:6      | Bought 2 potions of heal wounds for 120 gold pieces
  6202 | D:6      | Found a runed translucent door.
  6207 | D:6      | Noticed ryak's ghost (novice AtDe)
  6295 | D:6      | Reached skill level 8 in Ice Magic
  6430 | D:6      | Found the +3 pair of mountain boots {steadfast, rC+}
  6578 | D:6      | Found a runed translucent door.
  6780 | D:7      | Found an ancient bone altar of Kikubaaqudgha.
  6917 | D:7      | Reached XP level 9. HP: 67/71 MP: 16/18
  6985 | D:7      | Found a glowing silver altar of Zin.
  7033 | D:7      | Found a radiant altar of Vehumet.
  7045 | D:7      | Became a worshipper of Vehumet
  7211 | D:7      | Found a shimmering blue altar of Sif Muna.
  7647 | D:8      | Reached skill level 9 in Ice Magic
  7707 | D:8      | Identified the +3 ring mail "Weoseng" {Rampage rPois}
  7967 | D:8      | Learned a level 7 spell: Ozocubu's Refrigeration
  7978 | D:8      | Learned a level 2 spell: Blink
  8252 | D:8      | Reached skill level 1 in Translocations
  8254 | D:8      | Reached XP level 10. HP: 44/82 MP: 18/21
  8576 | D:9      | Reached * piety under Vehumet
  8576 | D:9      | Offered knowledge of Magic Dart by Vehumet.
  8815 | D:9      | Reached skill level 10 in Ice Magic
  8862 | D:9      | Noticed a cyclops
  8869 | D:9      | Killed a cyclops
  8892 | D:9      | Paralysed by a hornet for 3 turns
  9072 | D:9      | Found Useluem's General Store.
  9078 | D:9      | Bought a scroll of identify for 26 gold pieces
  9444 | D:9      | Offered knowledge of Kiss of Death by Vehumet.
  9445 | D:9      | Reached ** piety under Vehumet
  9905 | D:9      | Reached skill level 10 in Fighting
  9905 | D:9      | Reached skill level 11 in Ice Magic
  9910 | D:9      | Reached XP level 11. HP: 81/90 MP: 23/23
 10181 | D:9      | Reached skill level 12 in Ice Magic
 10197 | D:9      | Noticed a two-headed ogre
 10207 | D:9      | Killed a two-headed ogre
 10208 | D:9      | Noticed a six-headed hydra
 10212 | D:9      | Noticed a death knight
 10219 | D:9      | HP: 1/90 [six-headed hydra (7)]
 10604 | D:10     | Entered Level 10 of the Dungeon
 10604 | D:10     | Found Zisol's Armour Shop.
 10611 | D:10     | Offered knowledge of Hailstorm by Vehumet.
 10923 | D:10     | Found a runed translucent gate.
 10950 | D:10     | Found a runed translucent gate.
 10950 | D:10     | Noticed AverageBear's ghost (journeyman OpFi)
 10950 | D:10     | Noticed a nine-headed hydra
 10951 | D:10     | Noticed a 12-headed hydra
 11043 | D:10     | Found a runed translucent gate.
 11080 | D:10     | Found Noczupn's Armour Shop.
 11311 | D:10     | Reached skill level 13 in Ice Magic
 12128 | D:11     | Reached skill level 14 in Ice Magic
 12132 | D:11     | Reached *** piety under Vehumet
 12134 | D:11     | Noticed a two-headed ogre
 12146 | D:11     | Killed a two-headed ogre
 12466 | D:11     | Noticed a manticore
 12538 | D:11     | Found a staircase to the Lair.
 12762 | D:11     | Noticed a two-headed ogre
 12775 | D:11     | Killed a two-headed ogre
 12776 | D:11     | Reached skill level 15 in Ice Magic
 12776 | D:11     | Reached XP level 12. HP: 80/97 MP: 24/24
 12957 | D:11     | Found a blossoming altar of Fedhas.
 12965 | D:11     | Offered knowledge of Fulminant Prism by Vehumet.
 13356 | D:11     | Noticed a boulder beetle
 13370 | D:11     | Killed a boulder beetle
 13371 | D:11     | Reached skill level 16 in Ice Magic
 13383 | D:11     | Identified the +11 hand axe "Undertaker" {spect, Dex+2}
 14015 | Lair:1   | Entered Level 1 of the Lair of Beasts
 14039 | Lair:1   | Reached skill level 17 in Ice Magic
 14106 | Lair:1   | Reached **** piety under Vehumet
 14140 | Lair:1   | Offered knowledge of Stone Arrow by Vehumet.
 14144 | Lair:1   | Found a dark tunnel.
 14182 | Volcano  | Entered a volcano
 14319 | Volcano  | Noticed a two-headed ogre
 14319 | Volcano  | Noticed a two-headed ogre
 14323 | Volcano  | Killed a two-headed ogre
 14325 | Volcano  | Killed a two-headed ogre
 14441 | Volcano  | Noticed a two-headed ogre
 14450 | Volcano  | Reached skill level 18 in Ice Magic
 14453 | Volcano  | Killed a two-headed ogre
 14919 | Lair:1   | Reached XP level 13. HP: 103/103 MP: 25/25
 15208 | Lair:1   | Identified the +6 hand axe "Emeid" {venom, Dex+4 SInv}
 15305 | Lair:1   | Reached skill level 19 in Ice Magic
 15593 | Lair:2   | Found a staircase to the Shoals.
 16103 | Lair:2   | Noticed Gastronok
 16116 | Lair:2   | Killed Gastronok
 16903 | Lair:3   | Found a staircase to the Snake Pit.
 16911 | Lair:3   | Reached skill level 20 in Ice Magic
 16960 | Lair:3   | Reached ***** piety under Vehumet
 16965 | Lair:3   | Offered knowledge of Sticky Flame by Vehumet.
 17236 | Lair:3   | Found a runed translucent gate.
 17237 | Lair:3   | Found a runed translucent gate.
 17238 | Lair:3   | Found a runed translucent gate.
 17248 | Lair:3   | Noticed meatpath's ghost (journeyman GrEE)
 18023 | Lair:4   | HP: 4/103 [polar bear (6)]
 18026 | Lair:4   | Reached skill level 21 in Ice Magic
 18478 | Lair:4   | Reached XP level 14. HP: 110/110 MP: 23/26
 18942 | Lair:4   | Identified the +0 pair of gloves "Okac" {Rampage rN+}
 19512 | Lair:4   | Found a viscous altar of Jiyva.
 19512 | Lair:4   | Found a staircase to the Slime Pits.
 19632 | Lair:5   | Entered Level 5 of the Lair of Beasts
 19970 | Lair:5   | Reached skill level 22 in Ice Magic
 21019 | Lair:5   | Offered knowledge of Freezing Cloud by Vehumet.
 21024 | Lair:5   | Reached skill level 23 in Ice Magic
 21342 | Lair:5   | Learned a level 5 spell: Freezing Cloud
 21359 | Lair:5   | Reached skill level 1 in Evocations
 22037 | Lair:5   | Reached XP level 15. HP: 22/117 MP: 27/27
 22291 | Lair:5   | Reached skill level 5 in Dodging
 23263 | D:12     | HP: 4/117 [skeletal warrior/+0 battleaxe (20)]
 23780 | D:9      | Found a staircase to the Orcish Mines.
 23913 | D:9      | Got Sif Muna's Compendium of Fiery Talus
 23943 | D:9      | HP: 3/117 [death knight/+2 broad axe (19)]
 23944 | D:9      | Mangled by a death knight

Illustrated notes

Levels and vault maps discovered:
D:1:      saegor_arrival_simple_c, layout_basic
D:2:      cheibrodos_old_hovel, layout_loops_cross, basic_altar,
          chequers_ecumenical_altar_island
D:3:      layout_loops_ring, tgw_xom, minmay_misc_feat_nine_boxes, uniq_sigmund
D:4:      layout_basic, lemuel_round_altar, amcnicky_altar_gilded,
          mainiacjoe_overflow_paths, serial_shops,
          nicolae_shop_advertising_works [nicolae_subvault_shop_adworks],
          uniq_robin, uniq_blork_the_orc
D:5:      layout_loops_ring, minmay_temple_entry_offerings
D:6:      layout_cave_pods, ebering_ghost_sewer_f, serial_shops,
          nicolae_shop_industrial_runoff
D:7:      layout_gridville, vehumet_altar_wand_db, old_standard_altar,
          lemuel_doored_altar, nicolae_overflow_hidden_temple
D:8:      layout_loops_ring
D:9:      minmay_the_grid_3x3 [minmay_the_grid_minigrid_small,
          minmay_the_grid_fan, minmay_the_grid_dragon_a,
          minmay_the_grid_zigzag_pyramid, minmay_the_grid_pillar_ring,
          minmay_the_grid_minigrid_small_alt, minmay_the_grid_gridbox,
          minmay_the_grid_outer_circle,
          minmay_the_grid_prize_four_corners_diamond_b], layout_stronghold,
          david_orc_4, serial_shops, shop
D:10:     layout_loops_corners, serial_shops, nicolae_shop_rolling_square,
          nicolae_stop_n_shop_2, gammafunk_ghost_hydra_chop, glass_columns_a
D:11:     minmay_octagon_keep, layout_irregular_city, minmay_lair_entry_grove,
          tgw_fedhas
D:12:     layout_roguey
Temple:   oiseaux_autumnal_temple
Lair:1:   layout_roguey, nicolae_volcano_entry_batcave
Lair:2:   layout_chaotic_city, elwin_shoals_entry_stream, st_stairs_10,
          uniq_gastronok
Lair:3:   layout_chaotic_city, minmay_snake_entry_six_corridors,
          gammafunk_ghost_split, eino_small_chamber_without_monster
Lair:4:   layout_regular_city, dpeg_slime_entry_enclosed, st_stairs_10,
          minmay_shattered_shrine
Lair:5:   grunt_lair_end_beastmaster, layout_regular_city, grunt_megastairs_1

Skill      XL: |  1  2  3  4  5  6  7  8  9 10 11 12 13 14 15 |
---------------+----------------------------------------------+-----
Fighting       | 1 2 3 4 5 6 8 10 | 10.8
Ice Magic      | 5 6 7 8 9 11 15 18 21 23 | 23.0
Spellcasting   | 3 4 6 7 8 |  8.8
Translocations | 1 4 |  4.0
Dodging        | 4 5 |  5.8
Evocations     | 2 3 |  3.7
Stealth        | |  2.1

Action                     |  1- 3 |  4- 6 |  7- 9 | 10-12 | 13-15 || total
---------------------------+-------+-------+-------+-------+-------++-------
  Melee: Unarmed           |    30 |       |       |       |       ||    30
         Punch             |     1 |     3 |     7 |     4 |     7 ||    22
         Dagger            |    61 |    58 |   128 |       |       ||   247
         Spear             |       |       |    51 |       |       ||    51
         Trident           |       |       |    90 |   109 |       ||   199
         Halberd           |       |       |       |   128 |       ||   128
         Hand axe          |       |       |       |    60 |   434 ||   494
   Cast: Freeze            |    50 |    34 |    28 |    23 |    37 ||   172
         Frozen Ramparts   |     1 |     8 |    41 |    58 |   100 ||   208
         Ozocubu's Armour  |       |     4 |    21 |    38 |    64 ||   127
         Ozocubu's Refrige |       |       |       |       |    13 ||    13
         Blink             |       |       |       |       |     1 ||     1
    Use: Scroll            |       |       |     5 |     7 |     9 ||    21
         Potion            |       |       |     2 |     8 |     4 ||    14
   Stab: Sleeping          |     4 |     1 |     2 |     3 |       ||    10
         Distracted        |       |       |     1 |       |     2 ||     3
 Armour: Robe              |    44 |    18 |   112 |   239 |   346 ||   759
         Skin              |       |       |    19 |       |       ||    19
  Dodge: Dodged            |   111 |    42 |   153 |   292 |   405 ||  1003
